 Dungeon Crawl Stone Soup version 0.29.0-3-gbb0933ed62 (webtiles) character file.

Game seed: 1213987726935936498

4512 themarg the Martial Artist (level 10, -9/76 HPs)
             Began as a Gnoll Transmuter on Aug 25, 2022.
             Was a Believer of Qazlal.
             Mangled by an orc knight
             ... wielding a +0 halberd
              (23 damage)
             ... in a bailey.
             The game lasted 00:28:10 (8995 turns).

themarg the Martial Artist (Gnoll Transmuter)       Turns: 8995, Time: 00:28:12

Health: -9/76      AC:  2    Str: 10    XL:     10   Next: 39%
Magic:  16/21      EV: 24    Int: 17    God:    Qazlal [**....]
Gold:   361        SH:  3    Dex: 17    Spells: 14/24 levels left

rFire   . . .      SeeInvis .     - Unarmed
rCold   . . .      Faith    .   (shield currently unavailable)
rNeg    . . .      Spirit   .   (body armour currently unavailable)
rPois   x          Reflect  .   (helmet currently unavailable)
rElec   .          Harm     .   (cloak currently unavailable)
rCorr   +          Rampage  .   (gloves currently unavailable)
Will    .....                   (boots currently unavailable)
Stlth   +++.......              (no amulet)
HPRegen 0.22/turn               j - ring of wizardry
MPRegen 0.17/turn               v - ring of resist corrosion

@: spider-form (expiring), wereblooded (expiring), very slightly contaminated
A: venomous fangs, tiny, (fangs 1), strong nose, distributed training
a: End Transformation, Renounce Religion, Upheaval


You were in a bailey.
You worshipped Qazlal.
Qazlal was pleased with you.
You were a venomous arachnid creature.
You visited 2 branches of the dungeon, and saw 9 of its levels.
You also visited: Bailey.

You collected 361 gold pieces.

Inventory:

Hand Weapons
 c - a +3 short sword of freezing
 H - a +3 long sword (melded)
Missiles
 q - a throwing net
 s - 4 silver boomerangs
 B - 3 datura-tipped darts
 G - 5 silver javelins
Armour
 d - a +0 helmet (melded)
 r - a +0 pair of boots (melded)
 y - a +2 pair of gloves (melded)
 A - a +0 cloak (melded)
 C - a +2 robe of positive energy (melded)
Jewellery
 a - a +6 ring of dexterity
 j - a ring of wizardry (left front leg)
 v - a ring of resist corrosion (right front leg)
 J - an amulet of regeneration
Wands
 w - a wand of quicksilver (7)
 x - a wand of paralysis (4) (quivered)
Scrolls
 e - a scroll of immolation {unknown}
 g - a scroll of noise {unknown}
 h - a scroll of enchant armour {unknown}
 k - a scroll of silence {unknown}
 l - 2 scrolls of fog {unknown}
 m - a scroll of teleportation {unknown}
 p - 4 scrolls of identify {unknown}
 t - 2 scrolls of magic mapping
 u - a scroll of fear {unknown}
 D - a scroll of blinking {unknown}
 F - a scroll of vulnerability {unknown}
 I - a scroll of enchant weapon {unknown}
Potions
 b - a potion of lignification
 f - 3 potions of curing
 i - a potion of invisibility {unknown}
 n - 2 potions of heal wounds {unknown}
 o - 3 potions of flight {unknown}
 z - 2 potions of attraction {unknown}
 E - a potion of haste {unknown}
 K - a potion of mutation {unknown}


   Skills:
 + Level 6.1 Fighting
 + Level 5.4 Short Blades
 + Level 5.4 Long Blades
 + Level 5.4 Axes
 + Level 5.4 Maces & Flails
 + Level 5.4 Polearms
 + Level 5.4 Staves
 + Level 5.4 Ranged Weapons
 + Level 5.4 Throwing
 + Level 5.4 Armour
 + Level 7.2 Dodging
 + Level 5.4 Stealth
 + Level 5.4 Shields
 + Level 8.6 Unarmed Combat
 + Level 7.5 Spellcasting
 + Level 4.5 Conjurations
 + Level 4.5 Hexes
 + Level 4.5 Summonings
 + Level 4.5 Necromancy
 + Level 4.5 Translocations
 + Level 6.0 Transmutations
 + Level 4.5 Fire Magic
 + Level 4.5 Ice Magic
 + Level 4.5 Air Magic
 + Level 4.5 Earth Magic
 + Level 4.5 Poison Magic
 + Level 6.0 Invocations
 + Level 5.4 Evocations


You had 14 spell levels left.
You knew the following spells:

 Your Spells              Type           Power      Damage    Failure   Level
a - Beastly Appendage     Tmut           52%        N/A       1%          1
b - Wereblood             Tmut           26%        N/A       2%          2
c - Spider Form           Tmut/Pois      24%        N/A       4%          3
d - Ice Form              Ice/Tmut       24%        N/A       12%         4

Your spell library contained the following spells:

 Spells                   Type           Power      Damage    Failure   Level
 Slow                     Hex            84%        N/A       3%          1
 Blink                    Tloc           42%        N/A       4%          2
 Ensorcelled Hibernation  Hex/Ice        42%        N/A       4%          2
 Confusing Touch          Hex            21%        N/A       6%          3
 Vampiric Draining        Necr           21%        2d7       6%          3
 Anguish                  Hex/Necr       10%        N/A       16%         4
 Manifold Assault         Tloc           21%        N/A       32%         5
 Storm Form               Tmut/Air       12%        N/A       99%         7


Dungeon Overview and Level Annotations

Branches:
Dungeon (8/15)             Temple (1/1) D:5          Bailey (1/1)
   Lair: D:8-11

Altars:
Cheibriados
Dithmenos
Elyvilon
Fedhas
Hepliaklqana
Kikubaaqudgha
Makhleb
Nemelex Xobeh
Okawaru
Qazlal
Ru
Sif Muna
Trog
Vehumet
Wu Jian
Xom
Yredelemnul
Zin
The Shining One

Annotations:
D:7 3 runed translucent doors, Esekla's ghost, novice OpDe


Innate Abilities, Weirdness & Mutations

You are a venomous arachnid creature.
You have poisonous fangs.
You are tiny and dextrous.
Your spellcasting is less reliable in this form.
Your armour is entirely melded.
You are incapable of wielding weapons or throwing items.
((You have very sharp teeth.))
Your uncanny sense of smell can sniff out nearby items.
Your experience applies equally to all skills.


Message History

The orc warrior is poisoned.
You hit the orc warrior.
The orc warrior looks as sick as possible!
The orc warrior is lightly wounded.
The orc warrior completely misses you. The orc warrior barely misses you.
The orc hits you from afar with a +0 spear.
You hit the orc warrior but do no damage.
The orc warrior is lightly wounded.
The orc warrior completely misses you. The orc closely misses you.
You hit the orc warrior.
The orc warrior is moderately wounded.
You hiss as the wereblood boils in your veins!
The orc warrior completely misses you.
An orc comes into view. It is wielding a +0 spear.
You hit the orc warrior but do no damage.
The orc warrior is moderately wounded.
The orc knight barely misses you. The orc warrior barely misses you.
You hit the orc warrior but do no damage.
The orc warrior is heavily wounded.
The orc knight hits you from afar with a +0 halberd!
The orc warrior hits you with a +0 halberd!
* * * LOW HITPOINT WARNING * * *
The orc warrior barely misses you. The orc warrior barely misses you.
There is a large open door here.
Your transformation is almost over.
Casting: Wereblood (safe; 2% risk of failure)
Confirm with . or Enter, or press ? or * to list all spells.
You miscast Ice Form.
You are very lightly contaminated with residual magic.
Your limbs ache and wobble like jelly.
Unknown command.
The orc knight closely misses you.
Your primal bloodlust is almost over.
Aiming: Paralyse
Press: ? - help, Shift-Dir - straight line, f - orc knight
Aim: an orc knight, wielding a +0 halberd and wearing a +0 chain mail (chance to affect: 45%)
The orc knight resists with some effort.
The orc knight hits you from afar with a +0 halberd!!
You die...

♣♣......♣..≈≈≈≈....#..#
♣.........######...#.8# ∆
♣..∩...............#..#∆∆
♣..........).......'..#∆∆
♣..................oo.#∆∆
♣..∩..............o#..#∆∆
♣.........######.o.#o8# ∆
♣♣.........≈≈≈≈....#oo#
♣♣♣....♣..≈≈≈≈s♣.##..o......
###.....≈≈≈≈...#......o...
##.♣..≈≈≈≈♣..#$.########
#...≈≈≈≈≈♣..####
#♣.≈≈≈≈≈♣♣....#
♣≈≈≈≈≈♣♣♣..## ####### ####


You could see an orc knight, 2 orc warriors and an orc (strong).

Vanquished Creatures
  Pikel (D:7)
  Joseph (D:7)
  Maggie (D:7)
  Prince Ribbit (D:7)
  Sigmund (D:2)
  A wyvern (D:6)
  A water moccasin (D:5)
  A black bear (D:6)
  An ice beast (D:4)
  2 orc warriors
  A sky beast (D:4)
  3 ogres
  A lemure (D:6)
  A phantom (D:4)
  A bullfrog (D:7)
  4 scorpions
  2 necrophages (D:7)
  10 wights (D:7)
  3 jellies
  A vampire bat (D:6)
  2 howler monkeys (D:7)
  A hound (D:4)
  Crazy Yiuf (D:7)
  4 orc priests
  3 gnoll boudas
  3 iguanas
  10 orc wizards
  10 gnolls
  6 adders
  2 white imps
  An ufetubus (D:4)
  4 dart slugs
  45 orcs
  5 ball pythons
  13 bats
  8 endoplasms
  A giant cockroach (D:2)
  9 goblins
  6 hobgoblins
  5 jackals
  12 quokkas
  2 frilled lizards (D:1)
  8 kobolds
  A rat (D:1)
200 creatures vanquished.

Vanquished Creatures (others)
  An orc wizard (D:6)
1 creature vanquished.

Grand Total: 201 creatures vanquished

Notes
Turn   | Place    | Note
-------+----------+-------------------------------------------
     0 | D:1      | themarg the Gnoll Transmuter began the quest for the Orb.
     0 | D:1      | Reached XP level 1. HP: 17/17 MP: 6/6
   199 | D:1      | Reached XP level 2. HP: 21/23 MP: 5/7
   202 | D:1      | Learned a level 2 spell: Wereblood
   937 | D:1      | Reached skill level 5 in Spellcasting
   937 | D:1      | Reached XP level 3. HP: 28/28 MP: 6/9
  1125 | D:1      | Learned a level 3 spell: Spider Form
  1183 | D:2      | Found a radiant altar of Vehumet.
  1407 | D:2      | Reached skill level 1 in Invocations
  1659 | D:2      | Noticed Sigmund
  1672 | D:2      | Killed Sigmund
  1673 | D:2      | Reached skill level 1 in Short Blades
  1673 | D:2      | Reached skill level 1 in Long Blades
  1673 | D:2      | Reached skill level 1 in Axes
  1673 | D:2      | Reached skill level 1 in Maces & Flails
  1673 | D:2      | Reached skill level 1 in Polearms
  1673 | D:2      | Reached skill level 1 in Staves
  1673 | D:2      | Reached skill level 1 in Ranged Weapons
  1673 | D:2      | Reached skill level 1 in Throwing
  1673 | D:2      | Reached skill level 1 in Armour
  1673 | D:2      | Reached skill level 1 in Stealth
  1673 | D:2      | Reached skill level 1 in Shields
  1673 | D:2      | Reached skill level 1 in Conjurations
  1673 | D:2      | Reached skill level 1 in Hexes
  1673 | D:2      | Reached skill level 1 in Summonings
  1673 | D:2      | Reached skill level 1 in Necromancy
  1673 | D:2      | Reached skill level 1 in Translocations
  1673 | D:2      | Reached skill level 1 in Fire Magic
  1673 | D:2      | Reached skill level 1 in Ice Magic
  1673 | D:2      | Reached skill level 1 in Air Magic
  1673 | D:2      | Reached skill level 1 in Earth Magic
  1673 | D:2      | Reached skill level 1 in Poison Magic
  1673 | D:2      | Reached skill level 1 in Evocations
  1673 | D:2      | Reached XP level 4. HP: 20/35 MP: 7/11
  1673 | D:2      | Reached XP level 5. HP: 23/41 MP: 7/12
  2438 | D:3      | Reached XP level 6. HP: 44/47 MP: 7/13
  2448 | D:3      | Found a faded altar of an unknown god.
  2588 | D:3      | Found a basalt altar of Yredelemnul.
  2729 | D:3      | Reached skill level 5 in Dodging
  2902 | D:3      | Found a shimmering blue altar of Sif Muna.
  3030 | D:4      | Noticed an ice beast
  3040 | D:4      | Killed an ice beast
  3041 | D:4      | Reached skill level 7 in Unarmed Combat
  3041 | D:4      | Reached XP level 7. HP: 17/52 MP: 12/15
  4119 | D:5      | Entered Level 5 of the Dungeon
  4173 | D:5      | Reached XP level 8. HP: 48/60 MP: 9/16
  4934 | D:5      | Found a sacrificial altar of Ru.
  5390 | D:5      | Found a staircase to the Ecumenical Temple.
  5401 | Temple   | Entered the Ecumenical Temple
  5474 | Temple   | Became a worshipper of Qazlal Stormbringer
  5540 | D:6      | Noticed a wyvern
  5549 | D:6      | Killed a wyvern
  5550 | D:6      | Reached skill level 5 in Transmutations
  5997 | D:6      | Reached XP level 9. HP: 64/67 MP: 14/18
  6189 | D:6      | Found a runed translucent door.
  6686 | D:6      | Reached * piety under Qazlal
  6722 | D:6      | Reached skill level 5 in Fighting
  6905 | D:7      | Noticed Maggie
  6920 | D:7      | Killed Maggie
  6921 | D:7      | Reached skill level 8 in Unarmed Combat
  7094 | D:7      | Reached skill level 5 in Invocations
  7407 | D:7      | Noticed Prince Ribbit
  7416 | D:7      | Learned a level 4 spell: Ice Form
  7421 | D:7      | Killed Prince Ribbit
  7785 | D:7      | Reached ** piety under Qazlal
  7833 | D:7      | Reached skill level 5 in Short Blades
  7833 | D:7      | Reached skill level 5 in Long Blades
  7833 | D:7      | Reached skill level 5 in Axes
  7833 | D:7      | Reached skill level 5 in Maces & Flails
  7833 | D:7      | Reached skill level 5 in Polearms
  7833 | D:7      | Reached skill level 5 in Staves
  7833 | D:7      | Reached skill level 5 in Ranged Weapons
  7833 | D:7      | Reached skill level 5 in Throwing
  7833 | D:7      | Reached skill level 5 in Armour
  7833 | D:7      | Reached skill level 5 in Stealth
  7833 | D:7      | Reached skill level 5 in Shields
  7833 | D:7      | Reached skill level 5 in Evocations
  7833 | D:7      | Reached XP level 10. HP: 76/76 MP: 15/20
  7997 | D:7      | Found a runed translucent door.
  7998 | D:7      | Noticed Crazy Yiuf
  8008 | D:7      | Killed Crazy Yiuf
  8099 | D:7      | Noticed Pikel
  8111 | D:7      | Killed Pikel
  8173 | D:7      | Noticed Joseph
  8181 | D:7      | Killed Joseph
  8543 | D:7      | Found a runed translucent gate.
  8543 | D:7      | Found a runed translucent gate.
  8544 | D:7      | Found a runed translucent gate.
  8544 | D:7      | Noticed Esekla's ghost (novice OpDe)
  8808 | D:8      | Found a flagged portal.
  8825 | Bailey   | Entered a bailey
  8978 | Bailey   | Noticed an orc knight
  8995 | Bailey   | Mangled by an orc knight

Illustrated notes

Levels and vault maps discovered:
D:1:      nicolae_arrival_somewhat_less_tricky_arrival, layout_basic
D:2:      layout_basic, basic_altar, corexii_corridor_pit, uniq_sigmund
D:3:      layout_rooms, lemuel_blue_sif_altar, lemuel_tele_altar,
          ebering_ecumenical_altar_petrified, minmay_cupped
D:4:      layout_basic, kennysheep_minor_cross
D:5:      layout_loops_ring, nicolae_ru_awakened_eye,
          minmay_temple_entry_proselytizer, kennysheep_small_circle
D:6:      layout_layer_cave, roderic_batcave, lightli_church_of_beogh
D:7:      layout_loops_ring, biasface_ghost_orc_armoury,
          chequers_serial_rivers_small_a, uniq_pikel, uniq_prince_ribbit1,
          uniq_crazy_yiuf_cottage, uniq_joseph, uniq_maggie
D:8:      gammafunk_the_bubble [the_bubble_gammafunk_plus_minus],
          layout_loops_ring, nicolae_uskayaw_dance_hall,
          mainiacjoe_overflow_alcove_4, enter_bailey_4, due_unseen_surprise,
          uniq_erica, uniq_grum, uniq_gastronok
Temple:   hellmonk_temple_two_chambers
Bailey:   bailey_polearm_elven_captive_hellmonk, bailey

Skill      XL: |  1  2  3  4  5  6  7  8  9 10 |
---------------+-------------------------------+-----
Spellcasting   | 5 6 7 |  7.5
Invocations    | 1 2 3 4 5 6 |  6.0
Fighting       | 3 4 5 6 |  6.1
Short Blades   | 1 2 3 4 5 |  5.4
Long Blades    | 1 2 3 4 5 |  5.4
Axes           | 1 2 3 4 5 |  5.4
Maces & Flails | 1 2 3 4 5 |  5.4
Polearms       | 1 2 3 4 5 |  5.4
Staves         | 1 2 3 4 5 |  5.4
Ranged Weapons | 1 2 3 4 5 |  5.4
Throwing       | 1 2 3 4 5 |  5.4
Armour         | 1 2 3 4 5 |  5.4
Stealth        | 1 2 3 4 5 |  5.4
Shields        | 1 2 3 4 5 |  5.4
Conjurations   | 1 2 3 4 |  4.5
Hexes          | 1 2 3 4 |  4.5
Summonings     | 1 2 3 4 |  4.5
Necromancy     | 1 2 3 4 |  4.5
Translocations | 1 2 3 4 |  4.5
Transmutations | 4 5 6 |  6.0
Fire Magic     | 1 2 3 4 |  4.5
Ice Magic      | 1 2 3 4 |  4.5
Air Magic      | 1 2 3 4 |  4.5
Earth Magic    | 1 2 3 4 |  4.5
Poison Magic   | 1 2 3 4 |  4.5
Evocations     | 1 2 3 4 5 |  5.4
Dodging        | 5 6 7 |  7.2
Unarmed Combat | 7 8 |  8.6

Action                   |  1- 3 |  4- 6 |  7- 9 | 10-12 || total
-------------------------+-------+-------+-------+-------++-------
Melee: Dagger            |    88 |    31 |       |       ||   119
       Headbutt          |    12 |     3 |       |       ||    15
       Punch             |     5 |     2 |       |       ||     7
       Kick              |    15 |     8 |       |       ||    23
       Unarmed           |     9 |    56 |   307 |   104 ||   476
       Bite              |     8 |     3 |       |       ||    11
 Cast: Beastly Appendage |    19 |     6 |       |       ||    25
       Wereblood         |     2 |     4 |    12 |     3 ||    21
       Spider Form       |     1 |    10 |    38 |     9 ||    58
       Ice Form          |       |       |     1 |       ||     1
Evoke: Wand              |       |       |       |     1 ||     1
  Use: Scroll            |       |       |     1 |     1 ||     2
       Potion            |       |       |     1 |       ||     1
 Stab: Sleeping          |       |     1 |       |       ||     1
       Distracted        |       |       |     1 |       ||     1
Armor: Robe              |    20 |     6 |     4 |     2 ||    32
       Skin              |     1 |     2 |    20 |       ||    23
Dodge: Dodged            |    74 |    69 |   338 |    99 ||   580
Block: Other             |       |       |     4 |     7 ||    11
